 Dungeon Crawl Stone Soup version 0.29.1-15-g9cfb28693d (webtiles) character file.

Game seed: 14273953700777807518

8198 safid the Frost Mage (level 11, -1/90 HPs)
             Began as a Merfolk Ice Elementalist on Apr 13, 2023.
             Was a Priest of Vehumet.
             Slain by a two-headed ogre
             ... wielding a +0 giant spiked club
              (13 damage)
             ... on level 9 of the Dungeon on Apr 14, 2023.
             The game lasted 00:23:21 (11674 turns).

safid the Frost Mage (Merfolk Ice Elementalist)    Turns: 11674, Time: 00:23:21

Health: -1/90      AC:  7    Str:  9    XL:     11   Next: 27%
Magic:  13/24      EV: 12    Int: 25    God:    Vehumet [***...]
Gold:   672        SH:  6    Dex: 17    Spells: 17/28 levels left

rFire   . . .      SeeInvis +   a - +5 short sword of Fortitude {flame, *Noise rElec Dex+3 Stlth+}
rCold   + . .      Faith    .   l - +1 buckler {rC+}
rNeg    . . .      Spirit   .   r - +1 robe {Will+}
rPois   .          Reflect  .   z - +0 helmet
rElec   +          Harm     .   w - +0 cloak
rCorr   .          Rampage  .   f - +0 pair of gloves
Will    +....                   y - +0 pair of boots
Stlth   +++.......              (no amulet)
HPRegen 0.25/turn               u - +6 ring of intelligence
MPRegen 0.19/turn               v - ring of see invisible

@: freezing walls
A: (nimble swimmer 2), mertail
a: Renounce Religion


You were on level 9 of the Dungeon.
You worshipped Vehumet.
Vehumet was most pleased with you.
You visited 2 branches of the dungeon, and saw 10 of its levels.

You collected 672 gold pieces.

Inventory:

Hand Weapons
 a - the +5 short sword of Fortitude (weapon) {flame, *Noise rElec Dex+3 Stlth+}
   (You took it off an orc on level 8 of the Dungeon)

   It burns those it strikes, dealing additional fire damage.
   Dex:       It affects your dexterity (+3).
   rElec:     It insulates you from electricity.
   *Noise:    It may make noises in combat.
   Stlth:     It makes you more stealthy.
Missiles
 C - a throwing net
Armour
 f - a +0 pair of gloves (worn)
 l - a +1 buckler of cold resistance (worn)
 r - a +1 robe of willpower (worn)
 w - a +0 cloak (worn)
 y - a +0 pair of boots (worn)
 z - a +0 helmet (worn)
Jewellery
 u - a +6 ring of intelligence (left hand)
 v - a ring of see invisible (right hand)
Wands
 x - a wand of polymorph (6)
Scrolls
 e - 2 scrolls of enchant weapon
 k - 2 scrolls of teleportation
 m - 3 scrolls of magic mapping
 n - 4 scrolls of summoning
 p - 2 scrolls of amnesia
 t - a scroll of enchant armour {unknown}
 A - a scroll of acquirement {unknown}
 F - a scroll of noise {unknown}
Potions
 b - a potion of magic
 c - a potion of cancellation {unknown}
 g - 4 potions of brilliance {unknown}
 h - a potion of degeneration {unknown}
 i - 3 potions of curing {unknown}
 j - 2 potions of berserk rage
 o - 2 potions of lignification {unknown}
 q - 4 potions of might {unknown}
 s - 4 potions of heal wounds {unknown}
 B - a potion of ambrosia {unknown}
 D - a potion of resistance {unknown}
 E - a potion of mutation {unknown}


   Skills:
 - Level 10.0 Fighting
 - Level 2.6 Dodging
 - Level 2.1 Stealth
 - Level 4.0 Shields
 + Level 9.3 Spellcasting
 + Level 11.7 Ice Magic


You had 17 spell levels left.
You knew the following spells:

 Your Spells              Type           Power      Damage    Failure   Level
a - Freeze                Ice            100%       1d11      1%          1
b - Frozen Ramparts       Ice            100%       1d16      1%          3
c - Ozocubu's Armour      Ice            63%        N/A       1%          3
d - Hailstorm             Conj/Ice       40%        3d10      1%          4

Your spell library contained the following spells:

 Spells                   Type           Power      Damage    Failure   Level
 Mephitic Cloud           Conj/Pois/Air  11%        N/A       5%          3
 Shock                    Conj/Air       44%        1d5       1%          1
 Ensorcelled Hibernation  Hex/Ice        80%        N/A       1%          2
 Passwall                 Tmut/Erth      9%         N/A       10%         2
 Airstrike                Air            5%         2d(1-17)  17%         4
 Swiftness                Air            11%        N/A       21%         3


Dungeon Overview and Level Annotations

Branches:
Dungeon (9/15)             Temple (1/1) D:6            Lair (0/5) D:8
    Orc: D:9-12

Altars:
Ashenzari
Dithmenos
Elyvilon
Gozag
Makhleb
Okawaru
Ru
Sif Muna
Vehumet
Wu Jian
Xom
Yredelemnul
Zin
The Shining One


Innate Abilities, Weirdness & Mutations

((You are very nimble when in or above water. (Stealth+, EV+, Speed+++)))
Your lower body shifts to a powerful aquatic tail in water.


Message History

Casting: Frozen Ramparts (safe; 1% risk of failure)
Press: ? - help, Dir - look around, f - activate A stone staircase leading up.
The walls around you are covered in ice.
The orc warrior shouts!
The wall freezes the orc!
You kill the orc!
Vehumet accepts your kill.
You feel your power returning.
The wall freezes the two-headed ogre.
The two-headed ogre hits you with a +0 giant spiked club! x2
An orc comes into view. It is wielding a +0 dagger.
You barely miss the two-headed ogre.
The two-headed ogre is severely wounded.
An orc comes into view. It is wielding a +0 flail.
The wall freezes the two-headed ogre.
The two-headed ogre hits you with a +0 giant spiked club!!
The two-headed ogre hits you with a +0 giant spiked club!
* * * LOW HITPOINT WARNING * * *
Casting: Frozen Ramparts (safe; 1% risk of failure)
Confirm with . or Enter, or press ? or * to list all spells.
Aiming: Freeze (safe; 1% risk of failure)
Press: ? - help, Shift-Dir - straight line, f - two-headed ogre
Aim: a two-headed ogre, wielding two +0 giant spiked clubs (severely wounded)
You freeze the two-headed ogre.
The two-headed ogre is severely wounded.
The orc shouts!
The wall freezes the orc.
Casting: Freeze (safe; 1% risk of failure)
Confirm with . or Enter, or press ? or * to list all spells.
Aiming: Freeze (safe; 1% risk of failure)
Press: ? - help, Shift-Dir - straight line, f/p - two-headed ogre
Aim: a two-headed ogre, wielding two +0 giant spiked clubs (severely wounded)
You freeze the two-headed ogre!
The two-headed ogre is almost dead.
An orc comes into view. It is wielding a +0 dagger.
The wall freezes the two-headed ogre.
The two-headed ogre hits you with a +0 giant spiked club!
* * * LOW HITPOINT WARNING * * *
The two-headed ogre hits you with a +0 giant spiked club!
You die...

...g...g.. #.......### ...g...#
'. #......)#.. o..og.##.. ..
#......)... ..<.g....###'#####
##..?...#... ....g............##
oo......###.
#.................##o##.....?....
...............)...o.##..........
.............))#o)...............
...##.........)#@O# ............
#..# ........)[)#..# ........#...
.... .........##...# ......###...
..... ....##...$. ##.. ##..
........... #.. #. .####.. # ##
... ..


You could see a two-headed ogre, an orc warrior and 4 orcs.

Vanquished Creatures
  A two-headed ogre (D:8)
  Amaemon (D:8)
  Pikel (D:5)
  Maggie (D:6)
  An orange demon (D:8)
  A shadow (D:9)
  Sigmund (D:3)
  4 wyverns (D:8)
  5 yaks (D:8)
  Eustachio (D:5)
  Menkaure (D:6)
  2 acid dragons
  Duvessa (D:6)
  4 water moccasins (D:8)
  2 black bears
  3 orc warriors (D:7)
  An ogre (D:5)
  2 centaurs
  A phantom (D:7)
  2 kobold brigands
  A lemure (D:5)
  3 gnoll sergeants
  4 scorpions
  9 wights
  Dowan (D:6)
  5 killer bees (D:8)
  An electric eel (D:7)
  3 jellies
  2 gnoll boudas (D:7)
  8 hounds
  5 orc priests
  Jessica (D:2)
  4 iguanas
  12 orc wizards
  16 gnolls
  5 adders
  A shadow imp (D:7)
  A white imp (D:8)
  2 ufetubi (D:5)
  A worm (D:3)
  3 dart slugs
  29 orcs
  8 endoplasms
  4 goblins
  9 hobgoblins
  17 kobolds
  2 quokkas
  2 ball pythons
  6 bats
  A frilled lizard (D:3)
  7 rats
209 creatures vanquished.

Vanquished Creatures (others)
  18 fungi
  22 plants
40 creatures vanquished.

Grand Total: 249 creatures vanquished

Notes
Turn   | Place    | Note
-------+----------+-------------------------------------------
     0 | D:1      | safid the Merfolk Ice Elementalist began the quest for the
                  | Orb.
     0 | D:1      | Reached XP level 1. HP: 13/13 MP: 3/3
   295 | D:1      | Reached XP level 2. HP: 20/20 MP: 1/5
   386 | D:1      | Reached skill level 1 in Fighting
   409 | D:1      | Found a faded altar of an unknown god.
  1247 | D:2      | Reached XP level 3. HP: 25/26 MP: 4/6
  1344 | D:2      | Noticed Jessica
  1362 | D:2      | Learned a level 3 spell: Frozen Ramparts
  1366 | D:2      | Killed Jessica
  1367 | D:2      | Reached skill level 5 in Ice Magic
  1367 | D:2      | Reached XP level 4. HP: 24/33 MP: 0/8
  2016 | D:3      | Found a white marble altar of Elyvilon.
  2284 | D:3      | Noticed Sigmund
  2295 | D:3      | Killed Sigmund
  2296 | D:3      | Reached skill level 1 in Shields
  2296 | D:3      | Reached XP level 5. HP: 31/41 MP: 5/10
  2296 | D:3      | Reached XP level 6. HP: 36/47 MP: 5/11
  2547 | D:3      | Learned a level 3 spell: Ozocubu's Armour
  2594 | D:3      | Learned a level 4 spell: Hailstorm
  2814 | D:3      | Found an ornate altar of the Wu Jian Council.
  3311 | D:4      | Found an iron altar of Okawaru.
  3728 | D:4      | Found a shadowy altar of Dithmenos.
  3984 | D:5      | Entered Level 5 of the Dungeon
  4113 | D:5      | Noticed Eustachio
  4123 | D:5      | Killed Eustachio
  4124 | D:5      | Reached skill level 6 in Ice Magic
  4124 | D:5      | Reached XP level 7. HP: 35/54 MP: 6/13
  4240 | D:5      | Noticed Pikel
  4251 | D:5      | Killed Pikel
  4252 | D:5      | Reached skill level 5 in Fighting
  4252 | D:5      | Reached XP level 8. HP: 27/62 MP: 6/15
  4552 | D:5      | Reached skill level 7 in Ice Magic
  4651 | D:5      | Reached skill level 5 in Spellcasting
  5356 | D:6      | Noticed Duvessa
  5356 | D:6      | Noticed Dowan
  5370 | D:6      | Killed Dowan
  5378 | D:6      | Killed Duvessa
  5584 | D:6      | Found a broken altar of Ashenzari.
  5589 | D:6      | Saw a vision of the Swamp and the Spider Nest.
  5589 | D:6      | Noticed a bunyip
  5589 | D:6      | Noticed a tyrant leech
  5589 | D:6      | Noticed a will-o-the-wisp
  5589 | D:6      | Noticed a spriggan rider
  5589 | D:6      | Noticed a bunyip
  5589 | D:6      | Noticed a culicivora
  5589 | D:6      | Noticed a jumping spider
  5589 | D:6      | Noticed a wolf spider
  5589 | D:6      | Noticed a culicivora
  5589 | D:6      | Noticed a wolf spider
  5589 | D:6      | Noticed a pharaoh ant
  5590 | D:6      | Noticed a torpor snail
  5590 | D:6      | Noticed a tarantella
  5591 | D:6      | Noticed an eleionoma
  5591 | D:6      | Noticed an orb spider
  5591 | D:6      | Noticed a tarantella
  5592 | D:6      | Noticed a pharaoh ant
  5593 | D:6      | Noticed a steelbarb worm
  5693 | D:6      | Found a staircase to the Ecumenical Temple.
  5702 | D:6      | Noticed Maggie
  5724 | D:6      | Killed Maggie
  5725 | D:6      | Reached skill level 8 in Ice Magic
  5725 | D:6      | Reached XP level 9. HP: 38/71 MP: 9/18
  5731 | Temple   | Entered the Ecumenical Temple
  5884 | Temple   | Became a worshipper of Vehumet
  6435 | D:6      | Noticed Menkaure
  6441 | D:6      | Killed Menkaure
  7538 | D:7      | Reached skill level 9 in Ice Magic
  7586 | D:7      | Found a basalt altar of Yredelemnul.
  7587 | D:7      | Found a burning altar of Makhleb.
  7930 | D:7      | Reached * piety under Vehumet
  7930 | D:7      | Offered knowledge of Sandblast by Vehumet.
  8198 | D:7      | Reached XP level 10. HP: 62/80 MP: 18/20
  8888 | D:7      | Found a shimmering blue altar of Sif Muna.
  8896 | D:7      | Reached ** piety under Vehumet
  9291 | D:8      | Offered knowledge of Searing Ray by Vehumet.
  9296 | D:8      | Reached skill level 10 in Ice Magic
  9340 | D:8      | Found a staircase to the Lair.
  9576 | D:8      | Identified the +5 short sword of Fortitude {flame, *Noise
                  | rElec Dex+3 Stlth+}
  9971 | D:8      | Offered knowledge of Mephitic Cloud by Vehumet.
 10156 | D:8      | Noticed a two-headed ogre
 10166 | D:8      | Killed a two-headed ogre
 10307 | D:8      | Reached skill level 11 in Ice Magic
 10307 | D:8      | Reached XP level 11. HP: 71/88 MP: 18/23
 10330 | D:8      | Reached skill level 10 in Fighting
 10534 | D:8      | Noticed Amaemon
 10555 | D:8      | Killed Amaemon
 10732 | D:8      | Found a glowing silver altar of Zin.
 10732 | D:8      | Found a sacrificial altar of Ru.
 10740 | D:8      | Found a glowing golden altar of the Shining One.
 10742 | D:8      | Found a faded altar of an unknown god.
 10744 | D:8      | Found an opulent altar of Gozag.
 11188 | D:9      | Noticed a two-headed ogre
 11478 | D:9      | Reached *** piety under Vehumet
 11674 | D:9      | Slain by a two-headed ogre

Illustrated notes

Levels and vault maps discovered:
D:1:      mainiacjoe_arrival_reflecting_pool, layout_rooms,
          basic_ecumenical_altar, minmay_box_of_dots
D:2:      layout_loops_ring, uniq_jessica
D:3:      layout_loops_corners, mainiacjoe_overflow_paths,
          mainiacjoe_overflow_cross_hatched, minivault_5, chequers_mini_garden,
          uniq_sigmund
D:4:      layout_rooms, mainiacjoe_overflow_small_starburst,
          nicolae_dithmenos_through_a_glass_darkly, serial_aquarium,
          aquarium_bridge_long_separate [aquarium_subvault_window,
          aquarium_subvault_bridge, aquarium_subvault_window,
          aquarium_subvault_wall, aquarium_subvault_wall,
          aquarium_subvault_bridge], aquarium_window_fake, aquarium_window_1,
          aquarium_window_1, aquarium_view_2d, aquarium_view_2e,
          aquarium_balcony_5a
D:5:      layout_basic, uniq_eustachio, uniq_pikel
D:6:      layout_basic, grunt_ashenzari_visionary
          [grunt_ashenzari_visionary_swamp, grunt_ashenzari_visionary_spider],
          minmay_temple_entry_crystal_x, uniq_duvessa, uniq_menkaure,
          uniq_maggie
D:7:      kennysheep_housing_project, layout_loops_ring,
          kennysheep_orc_sif_temple, nicolae_overflow_squiral,
          minmay_chambers_of_fives
D:8:      layout_basic, chequers_temple_overflow_minitemple,
          minmay_lair_entry_grove, uniq_amaemon
D:9:      layout_cave_pools, lemuel_tele_altar, hiddenorc2_lemuel
Temple:   nicolae_temple_bog_church

Skill      XL: |  1  2  3  4  5  6  7  8  9 10 11 |
---------------+----------------------------------+-----
Fighting       | 1 2 3 4 5 6 8 9 10 | 10.0
Ice Magic      | 5 6 8 9 11 | 11.7
Shields        | 1 3 4 |  4.0
Spellcasting   | 3 4 6 7 8 9 |  9.3
Dodging        | |  2.6
Stealth        | |  2.1

Action                   |  1- 3 |  4- 6 |  7- 9 | 10-12 || total
-------------------------+-------+-------+-------+-------++-------
Melee: Unarmed           |     3 |       |       |       ||     3
       Dagger            |    32 |    78 |   163 |    78 ||   351
       Tailslap          |       |       |     1 |       ||     1
       Short sword       |       |       |       |    92 ||    92
 Cast: Freeze            |    35 |    13 |     8 |    10 ||    66
       Frozen Ramparts   |     1 |     9 |    30 |    31 ||    71
       Ozocubu's Armour  |       |     2 |    12 |    23 ||    37
       Hailstorm         |       |       |       |     5 ||     5
  Use: Scroll            |       |       |     6 |     1 ||     7
       Potion            |       |       |     1 |       ||     1
 Stab: Sleeping          |       |     5 |     2 |     2 ||     9
Armor: Robe              |    29 |    17 |    58 |    45 ||   149
Dodge: Dodged            |    55 |    38 |   118 |    82 ||   293
Block: Buckler           |       |    12 |    60 |    56 ||   128
